General information
- name: BNet
- type: Ladder team game (AT/RT)
- host: Battle.net
- saver: blinn
map: Highperch
- players: 6
- length: 23:37
- speed: Fast
- version: 1.21 W3XP
- replay type:

» download(171 KB)
Players
team 1 (winner)
blinn (
purple | 94 APM | 2227 actions | 23:37)
6 Blademaster
3 Wind Walk
2 Critical Strike
1 Bladestorm
» actions
| Assign group hotkey | 187 | |
| Basic commands | 4 | |
| Build / train | 84 | |
| Enter build submenu | 54 | |
| Enter hero's abilities submenu | 6 | |
| Give item / drop item | 3 | |
| Remove unit from queue | 3 | |
| Right click | 1245 | |
| Select / deselect | 293 | |
| Select group hotkey | 186 | |
| Use ability | 160 | |
2227 total
» units
» upgrades
| Spiked Barricades | 2 | |
| Armor | 2 | |
| Reinforced Defenses | 1 | |
| Liquid Fire | 1 | |
| Ranged Weapons | 2 | |
8 total
» buildings
| Altar of Storms | 1 | |
| Orc Burrow | 6 | |
| War Mill | 1 | |
| Watch Tower | 36 | |
| Voodoo Lounge | 1 | |
| Stronghold | 2 | |
| Beastiary | 2 | |
| Fortress | 3 | |
| Great Hall | 1 | |
53 total
» build order
00:01 Altar of Storms
00:09 Orc Burrow
00:31 War Mill
01:45 Watch Tower
02:22 Watch Tower
02:41 Orc Burrow
03:02 Watch Tower
03:24 Watch Tower
03:27 Watch Tower
03:56 Voodoo Lounge
04:17 Watch Tower
04:21 Watch Tower
04:37 Watch Tower
05:00 Watch Tower
05:11 Watch Tower
05:24 Stronghold
05:55 Watch Tower
05:57 Watch Tower
07:01 Orc Burrow
07:24 Watch Tower
07:24 Watch Tower
07:54 Watch Tower
08:00 Beastiary
08:01 Beastiary
08:28 Fortress
08:28 Fortress
08:37 Watch Tower
08:48 Watch Tower
09:48 Watch Tower
09:49 Watch Tower
10:18 Orc Burrow
10:33 Watch Tower
10:35 Watch Tower
11:42 Great Hall
11:43 Watch Tower
11:43 Watch Tower
12:03 Watch Tower
12:16 Watch Tower
13:05 Watch Tower
13:08 Watch Tower
13:22 Watch Tower
20:36 Watch Tower
20:37 Watch Tower
20:38 Watch Tower
20:38 Watch Tower
22:07 Orc Burrow
22:07 Orc Burrow
22:13 Watch Tower
22:13 Watch Tower
22:14 Watch Tower
22:14 Watch Tower
» items
| Healing Salve | 5 | |
| Lesser Clarity Potion | 4 | |
| Staff of Teleportation | 1 | |
| Boots of Speed | 1 | |
| Orb of Lightning | 1 | |
| Potion of Healing | 4 | |
| Scroll of Town Portal | 1 | |
| Potion of Mana | 4 | |
21 total

»
Mata. (
yellow | 119 APM | 2805 actions | 23:36)
6 Blademaster
3 Wind Walk
2 Critical Strike
1 Bladestorm
» actions
| Assign group hotkey | 302 | |
| Basic commands | 2 | |
| Build / train | 65 | |
| Enter build submenu | 29 | |
| Enter hero's abilities submenu | 6 | |
| Give item / drop item | 10 | |
| Remove unit from queue | 4 | |
| Right click | 1568 | |
| Select / deselect | 435 | |
| Select group hotkey | 228 | |
| Use ability | 156 | |
2805 total
» units
| Peon | 11 | |
| Grunt | 3 | |
| Troll Batrider | 11 | |
25 total
» upgrades
| Troll Regeneration | 1 | |
| Reinforced Defenses | 1 | |
| Liquid Fire | 1 | |
| Ranged Weapons | 3 | |
6 total
» buildings
| Altar of Storms | 1 | |
| Orc Burrow | 4 | |
| Barracks | 1 | |
| War Mill | 1 | |
| Voodoo Lounge | 1 | |
| Watch Tower | 11 | |
| Stronghold | 2 | |
| Beastiary | 3 | |
| Fortress | 1 | |
25 total
» build order
00:05 Altar of Storms
00:19 Orc Burrow
01:04 Barracks
01:22 War Mill
02:04 Orc Burrow
02:20 Voodoo Lounge
04:18 Watch Tower
04:19 Watch Tower
04:20 Watch Tower
04:33 Stronghold
04:38 Watch Tower
05:04 Orc Burrow
05:09 Watch Tower
05:30 Watch Tower
05:54 Watch Tower
05:56 Watch Tower
08:05 Beastiary
08:08 Orc Burrow
08:26 Watch Tower
08:44 Watch Tower
08:44 Watch Tower
09:18 Beastiary
09:23 Beastiary
09:26 Fortress
» items
| Healing Salve | 6 | |
| Boots of Speed | 1 | |
| Staff of Teleportation | 1 | |
| Potion of Healing | 2 | |
| Orb of Lightning | 1 | |
| Lesser Clarity Potion | 3 | |
| Scroll of Town Portal | 1 | |
15 total

»
NADMaN (
blue | 88 APM | 2087 actions | 23:36)
4 Archmage
2 Blizzard
2 Brilliance Aura
» actions
| Assign group hotkey | 5 | |
| Basic commands | 43 | |
| Build / train | 143 | |
| ESC pressed | 21 | |
| Enter build submenu | 54 | |
| Enter hero's abilities submenu | 4 | |
| Give item / drop item | 1 | |
| Right click | 887 | |
| Select / deselect | 419 | |
| Select group hotkey | 280 | |
| Use ability | 228 | |
2087 total
» units
| Peasant | 17 | |
| Flying Machine | 9 | |
| Dragonhawk Rider | 2 | |
28 total
» upgrades
| Masonry | 3 | |
| Magic Sentry | 1 | |
| Lumber Harvesting | 2 | |
| Gunpowder | 2 | |
| Plating | 2 | |
| Flak Cannons | 1 | |
| Cloud | 1 | |
| Swords | 2 | |
| Armor | 1 | |
15 total
» buildings
| Altar of Kings | 1 | |
| Farm | 7 | |
| Lumber Mill | 1 | |
| Scout Tower | 66 | |
| Guard Tower | 79 | |
| Keep | 3 | |
| Town Hall | 3 | |
| Arcane Sanctum | 1 | |
| Gryphon Aviary | 2 | |
| Castle | 1 | |
| Blacksmith | 2 | |
| Workshop | 2 | |
| Arcane Vault | 1 | |
| Barracks | 1 | |
170 total
» build order
00:10 Altar of Kings
00:16 Farm
00:46 Farm
00:51 Lumber Mill
01:27 Scout Tower
01:29 Scout Tower
02:26 Scout Tower
02:27 Scout Tower
02:29 Scout Tower
02:30 Scout Tower
02:32 Scout Tower
02:34 Scout Tower
02:37 Scout Tower
02:40 Scout Tower
02:41 Scout Tower
02:41 Scout Tower
02:43 Scout Tower
02:44 Scout Tower
02:56 Guard Tower
02:56 Guard Tower
03:44 Guard Tower
03:44 Guard Tower
03:49 Guard Tower
03:50 Guard Tower
03:52 Guard Tower
03:53 Guard Tower
03:53 Guard Tower
03:54 Guard Tower
04:14 Guard Tower
04:16 Scout Tower
04:17 Scout Tower
04:18 Scout Tower
04:20 Scout Tower
04:23 Guard Tower
04:23 Guard Tower
04:24 Guard Tower
04:57 Guard Tower
04:57 Guard Tower
05:03 Scout Tower
05:16 Guard Tower
05:16 Guard Tower
05:51 Guard Tower
05:51 Guard Tower
06:13 Keep
06:13 Keep
06:54 Scout Tower
06:55 Scout Tower
06:56 Scout Tower
06:57 Scout Tower
07:51 Town Hall
08:15 Town Hall
08:18 Scout Tower
08:19 Scout Tower
08:20 Scout Tower
08:21 Scout Tower
08:22 Scout Tower
08:45 Guard Tower
08:46 Guard Tower
08:46 Guard Tower
08:46 Guard Tower
08:47 Guard Tower
08:51 Scout Tower
08:55 Arcane Sanctum
09:04 Gryphon Aviary
09:06 Gryphon Aviary
10:02 Scout Tower
10:04 Scout Tower
10:07 Scout Tower
10:08 Scout Tower
10:29 Guard Tower
10:31 Guard Tower
10:32 Guard Tower
10:35 Scout Tower
10:37 Scout Tower
10:58 Farm
11:04 Guard Tower
11:07 Scout Tower
11:09 Scout Tower
11:29 Castle
11:57 Town Hall
11:58 Scout Tower
11:59 Guard Tower
12:00 Guard Tower
12:05 Guard Tower
12:15 Scout Tower
12:16 Scout Tower
12:18 Scout Tower
12:19 Scout Tower
12:29 Guard Tower
12:30 Scout Tower
12:32 Scout Tower
12:33 Scout Tower
12:55 Blacksmith
13:06 Guard Tower
13:06 Guard Tower
13:25 Guard Tower
13:32 Guard Tower
13:33 Guard Tower
13:33 Guard Tower
13:37 Scout Tower
13:58 Guard Tower
13:58 Guard Tower
14:05 Blacksmith
14:12 Guard Tower
14:12 Guard Tower
14:14 Scout Tower
14:15 Scout Tower
14:48 Workshop
15:05 Scout Tower
15:22 Guard Tower
16:08 Workshop
17:04 Arcane Vault
18:54 Guard Tower
18:55 Guard Tower
19:19 Farm
19:20 Farm
19:21 Farm
19:22 Farm
19:50 Scout Tower
19:51 Scout Tower
19:52 Scout Tower
20:17 Guard Tower
20:17 Guard Tower
20:17 Guard Tower
20:21 Scout Tower
20:24 Scout Tower
20:24 Scout Tower
20:44 Guard Tower
20:44 Guard Tower
20:44 Guard Tower
20:47 Scout Tower
20:49 Scout Tower
20:49 Scout Tower
21:08 Guard Tower
21:08 Guard Tower
21:08 Guard Tower
21:19 Guard Tower
21:19 Guard Tower
21:20 Guard Tower
22:05 Guard Tower
22:08 Scout Tower
22:15 Guard Tower
22:16 Guard Tower
23:02 Barracks
23:06 Scout Tower
23:08 Scout Tower
23:09 Scout Tower
23:10 Scout Tower
23:11 Scout Tower
23:13 Scout Tower
23:14 Scout Tower
23:27 Guard Tower
23:27 Guard Tower
23:35 Guard Tower
23:35 Guard Tower
» items
| Lesser Clarity Potion | 2 | |
| Boots of Speed | 1 | |
| Staff of Teleportation | 3 | |
6 total
team 2 (loser)
Gg.U.lost (
red | 76 APM | 1775 actions | 23:21)
4 Death Knight
2 Death Coil
2 Unholy Aura
» actions
| Assign group hotkey | 34 | |
| Basic commands | 46 | |
| Build / train | 54 | |
| Enter build submenu | 18 | |
| Enter hero's abilities submenu | 4 | |
| Give item / drop item | 1 | |
| Remove unit from queue | 3 | |
| Right click | 656 | |
| Select / deselect | 152 | |
| Select group hotkey | 764 | |
| Use ability | 43 | |
1775 total
» units
| Acolyte | 7 | |
| Ghoul | 2 | |
| Gargoyle | 12 | |
| Crypt Fiend | 8 | |
| Frost Wyrm | -1 | |
28 total
» upgrades
| Unholy Strength | 0 | |
| Creature Attack | 2 | |
| Creature Carapace | 2 | |
| Stone Form | 1 | |
| Web | 1 | |
| Burrow | 1 | |
7 total
» buildings
| Crypt | 3 | |
| Graveyard | 1 | |
| Ziggurat | 8 | |
| Altar of Darkness | 1 | |
| Halls of the Dead | 1 | |
| Tomb of Relics | 1 | |
| Black Citadel | 1 | |
| Sacrificial Pit | 1 | |
| Boneyard | 2 | |
| Nerubian Tower | 1 | |
| Spirit Tower | 2 | |
22 total
» build order
00:06 Crypt
00:07 Graveyard
00:26 Ziggurat
00:47 Altar of Darkness
01:35 Halls of the Dead
01:58 Tomb of Relics
02:15 Ziggurat
02:36 Crypt
03:06 Crypt
03:18 Ziggurat
03:35 Ziggurat
05:23 Ziggurat
07:59 Black Citadel
10:13 Sacrificial Pit
10:19 Ziggurat
11:11 Boneyard
11:22 Boneyard
11:28 Ziggurat
11:35 Ziggurat
15:05 Nerubian Tower
20:17 Spirit Tower
22:10 Spirit Tower
» items
| Scroll of Regeneration | 2 | |
| Lesser Clarity Potion | 1 | |
| Dust of Appearance | 2 | |
| Potion of Healing | 1 | |
6 total

»
No.Handouts (
teal | 73 APM | 1715 actions | 23:36)
3 Archmage
2 Summon Water Elemental
1 Brilliance Aura
3 Blood Mage
2 Flame Strike
1 Siphon Mana
» actions
| Assign group hotkey | 17 | |
| Basic commands | 71 | |
| Build / train | 66 | |
| Enter build submenu | 27 | |
| Enter hero's abilities submenu | 6 | |
| Give item / drop item | 1 | |
| Remove unit from queue | 1 | |
| Right click | 868 | |
| Select / deselect | 576 | |
| Select group hotkey | 9 | |
| Use ability | 73 | |
1715 total
» units
| Peasant | 20 | |
| Footman | 5 | |
| Rifleman | 3 | |
| Gryphon Rider | 4 | |
| Knight | 3 | |
| Spell Breaker | 2 | |
| Sorceress | 1 | |
| Priest | 1 | |
39 total
» upgrades
| Animal War Training | 1 | |
| Swords | 2 | |
| Storm Hammers | 1 | |
| Armor | 1 | |
| Lumber Harvesting | 1 | |
| Long Rifles | 1 | |
| Gunpowder | 1 | |
8 total
» buildings
| Altar of Kings | 1 | |
| Barracks | 2 | |
| Farm | 12 | |
| Scout Tower | 2 | |
| Arcane Tower | 2 | |
| Arcane Vault | 1 | |
| Keep | 1 | |
| Lumber Mill | 1 | |
| Blacksmith | 1 | |
| Castle | 1 | |
| Gryphon Aviary | 3 | |
| Town Hall | 1 | |
| Arcane Sanctum | 2 | |
30 total
» build order
00:15 Altar of Kings
00:29 Barracks
00:49 Farm
01:12 Farm
01:43 Farm
01:52 Scout Tower
02:22 Arcane Tower
02:22 Arcane Tower
02:37 Arcane Vault
03:23 Keep
03:58 Lumber Mill
04:01 Blacksmith
04:04 Farm
05:14 Farm
05:48 Castle
07:40 Gryphon Aviary
07:42 Gryphon Aviary
07:45 Gryphon Aviary
09:24 Farm
09:26 Farm
09:29 Farm
10:28 Farm
10:31 Farm
13:01 Town Hall
14:45 Barracks
14:53 Arcane Sanctum
14:56 Arcane Sanctum
22:35 Farm
22:37 Farm
23:20 Scout Tower
» items
| Scroll of Regeneration | 1 | |
| Dust of Appearance | 1 | |
| Potion of Healing | 2 | |
4 total
Speckto2] (
orange | 32 APM | 746 actions | 23:26)
3 Demon Hunter
2 Mana Burn
1 Evasion
» actions
| Build / train | 49 | |
| Enter build submenu | 14 | |
| Enter hero's abilities submenu | 3 | |
| Remove unit from queue | 3 | |
| Right click | 379 | |
| Select / deselect | 258 | |
| Use ability | 40 | |
746 total
» units
| Wisp | 16 | |
| Archer | 9 | |
| Glaive Thrower | 7 | |
32 total
» upgrades
| Strength of the Wild | 1 | |
| Strength of the Moon | 3 | |
| Vorpal Blades | 1 | |
5 total
» buildings
| Altar of Elders | 1 | |
| Moon Well | 5 | |
| Ancient of War | 2 | |
| Tree of Ages | 1 | |
| Hunter's Hall | 1 | |
| Tree of Eternity | 1 | |
| Ancient of Wind | 1 | |
| Tree of Life | 2 | |
14 total
» build order
00:19 Altar of Elders
00:28 Moon Well
01:48 Ancient of War
02:03 Moon Well
09:14 Tree of Ages
09:24 Moon Well
10:21 Hunter's Hall
10:33 Moon Well
11:40 Tree of Eternity
11:47 Ancient of Wind
13:39 Ancient of War
20:44 Tree of Life
20:47 Moon Well
22:51 Tree of Life
» items
| Dust of Appearance | 1 | |
| Orb of Fire | 1 | |
| Scroll of Town Portal | 1 | |
| Potion of Healing | 1 | |
4 total
Chat log
(14:34 / Allies) NADMaN: gold
(14:35 / Allies) NADMaN: please
(23:24 / All) blinn: Gg, u lost.
(23:25 / All) Mata.: u
(23:26 / All) Mata.: lost
(23:30 / All) No.Handouts: gg
(23:33 / All) No.Handouts: u win
(23:35 / All) No.Handouts: grow some balls